 Dungeon Sprint DCSS version 0.29-a0-613-gf2c431b9b9 (webtiles) character file.

Game seed: 9722072613042525962

1676 mhtbhm the Convoker (level 8, -19/33 HPs)
             Began as a Felid Summoner on June 17, 2022.
             Was an Initiate of Gozag.
             Killed by an exploding themself (41 damage)
             ... ignited by their inner flame
             ... in the Dungeon (Sprint I: "Red Sonja").
             The game lasted 00:04:56 (1341 turns).

mhtbhm the Convoker (Felid Summoner)                Turns: 1341, Time: 00:04:57

Health: -19/33     AC:  2    Str:  4    XL:     8   Next: 70%
Magic:  10/25      EV: 20    Int: 20    God:    Gozag
Gold:   1052       SH:  0    Dex: 17    Spells: 18/31 levels left
                                        Lives:  0   Deaths: 2

rFire   . . .      SeeInvis +     - Unarmed
rCold   . . .      Faith    .   (shield unavailable)
rNeg    . . .      Spirit   .   (body armour unavailable)
rPois   .          Reflect  .   (helmet unavailable)
rElec   .          Harm     .   (cloak unavailable)
rCorr   .          Rampage  .   (gloves unavailable)
Will    +....      NoTele   +   (boots unavailable)
Stlth   ++++......              (no amulet)
HPRegen 0.11/turn               (no ring)
MPRegen 0.19/turn               (no ring)

@: quick
A: very small, claws 1, fangs 3, see invisible, speed 1, shaggy fur 2, stealthy
paws, no weapons or thrown items, no armour, multi-lived
a: Renounce Religion, Potion Petition, Call Merchant, Bribe Branch


You were in the Dungeon.
You worshipped Gozag.
Gozag was most pleased with you.
You visited 1 branch You collected 1052 gold pieces.

Inventory:

Wands
 e - a wand of polymorph (2)
 i - a wand of mindburst (12)
Scrolls
 f - a scroll of blinking
 h - a scroll of identify {unknown}
Potions
 a - 3 potions of magic
 b - 2 potions of curing
 d - a potion of haste
 g - a potion of resistance {unknown}


   Skills:
 + Level 2.0 Fighting
 + Level 6.1 Dodging
 + Level 7.5 Stealth
 + Level 2.5 Unarmed Combat
 + Level 12.0 Spellcasting
 + Level 4.6 Hexes
 + Level 16.5 Summonings
 + Level 4.2 Air Magic


You had 18 spell levels left.
You knew the following spells:

 Your Spells              Type           Power      Damage    Failure   Level
a - Summon Small Mammal   Summ           100%       N/A       0%          1
b - Call Imp              Summ           67%        N/A       0%          2
c - Call Canine Familiar  Summ           67%        N/A       1%          3
d - Summon Guardian Gole  Hex/Summ       53%        N/A       1%          3
e - Summon Lightning Spi  Summ/Air       52%        N/A       1%          4

Your spell library contained the following spells:

 Spells                   Type           Power      Damage    Failure   Level
 Gell's Gravitas          Tloc           12%        N/A       17%         3
 Teleport Other           Tloc           12%        N/A       17%         3
 Olgreb's Toxic Radiance  Pois           12%        N/A       50%         4
 Dispersal                Tloc           6%         N/A       100%        6
 Ozocubu's Refrigeration  Ice            6%         4d6       100%        7
 Ignition                 Fire           6%         3d4       100%        8


Dungeon Overview and Level Annotations

Branches:
Dungeon (1/1)

Altars:
Cheibriados
Dithmenos
Elyvilon
Fedhas
Gozag
Hepliaklqana
Kikubaaqudgha
Makhleb
Nemelex Xobeh
Okawaru
Qazlal
Ru
Sif Muna
Trog
Uskayaw
Vehumet
Wu Jian
Xom
Yredelemnul
Zin
The Shining One
Jiyva
Lugonu

Shops:
D *([

Annotations:
D exclusion: oklob plant


Innate Abilities, Weirdness & Mutations

You have sharp claws.
You have razor-sharp teeth.
You have supernaturally acute eyesight. (SInv)
You cover ground quickly. (Speed+)
You are covered in thick fur. (AC +2)
Your paws help you pounce on unaware monsters.
You are incapable of wielding weapons or throwing items.
You cannot wear armour.
You gain extra lives every three experience levels.


Message History

The demonic crawler hits your lightning spire. x2
Your crimson imp blinks!
Unknown command.
Your warg bites the demonic crawler but does no damage.
The demonic crawler hits your lightning spire! x2
Your lightning spire is destroyed!
Your lightning spire disappears in a puff of smoke!
Your warg bites the demonic crawler but does no damage.
Your guardian golem overheats!
You hear a hideous shriek!
Unknown command.
The demonic crawler shrieks in warning!
Your warg barely misses the demonic crawler.
Your crimson imp hits the demonic crawler but does no damage.
You hear a shout!
Unknown command.
The demonic crawler hits your crimson imp!
Flame seeps out of your guardian golem.
The demonic crawler closely misses your crimson imp.
The demonic crawler hits your crimson imp.
Flame seeps out of your guardian golem.
Your warg barely misses the demonic crawler.
The demonic crawler hits your crimson imp.
Flame seeps out of your guardian golem.
The demonic crawler hits your crimson imp!
Your crimson imp dies!
Your crimson imp disappears in a puff of smoke!
Flame seeps out of your guardian golem.
Unknown command.
Your warg barely misses the demonic crawler.
The demonic crawler hits your guardian golem!
Flame seeps out of your guardian golem.
The demonic crawler hits your guardian golem!
Your guardian golem disappears in a puff of smoke!
Your guardian golem explodes!
The fiery explosion engulfs the demonic crawler!
The demonic crawler resists.
The fiery explosion engulfs you!!!
Ouch! That really hurt!
You die...
Your body crumbles into a pile of gold.

###################
..#..'..#9_#..'s☼s#$$
$$
..').#..c.s'..#§$s# $
#'#####s#__#### ..'.
$
..#...#)####.§#####.
$ $
###..##s#≈≈≈§§#§@# $
y_##'#_c'≈§§sss§§# $
...'y8.§#≈≈≈..#h§#
$$$
__##_.#'##§#####+#
__###'#.#§§..###P'.
#####.####'###.###$#
...'...'.§§..'.∩# .#
$$ ####...##########
$# $$ $ $ ###.###


$$$$$$$$$ You could see a demonic crawler (catching breath, ally target) and a
friendly warg (summoned, sheltered).

Vanquished Creatures
  Ijyb (D)
  A ballistomycete spore (D)
2 creatures vanquished.

Vanquished Creatures (collateral kills)
  A centaur warrior (D)
  A slime creature (D)
  Sigmund (D)
  A yak (D)
  An ogre (D)
  A jelly (D)
6 creatures vanquished.

Vanquished Creatures (others)
  Sonja (D)
  A deep troll (D)
  A gargoyle (D)
  2 kobold demonologists (D)
  A hornet (D)
  A floating eye (D)
  A ballistomycete spore (D)
8 creatures vanquished.

Grand Total: 16 creatures vanquished

Notes
Turn   | Place    | Note
-------+----------+-------------------------------------------
     0 | D        | mhtbhm the Felid Summoner began the quest for the Orb.
     0 | D        | Reached XP level 1. HP: 7/7 MP: 4/4
     4 | D        | Noticed Ijyb
    14 | D        | Killed Ijyb
    15 | D        | Reached skill level 6 in Summonings
    15 | D        | Reached XP level 2. HP: 7/12 MP: 2/6
   180 | D        | Learned a level 2 spell: Call Imp
   183 | D        | Noticed an ogre
   188 | D        | Killed an ogre
   189 | D        | Reached skill level 8 in Summonings
   189 | D        | Reached XP level 3. HP: 15/15 MP: 2/9
   189 | D        | Reached XP level 4. HP: 18/18 MP: 2/10
   254 | D        | Learned a level 3 spell: Call Canine Familiar
   258 | D        | Learned a level 3 spell: Summon Guardian Golem
   264 | D        | Noticed Sigmund
   275 | D        | Killed Sigmund
   276 | D        | Reached skill level 5 in Dodging
   276 | D        | Reached skill level 5 in Stealth
   276 | D        | Reached skill level 5 in Spellcasting
   276 | D        | Reached skill level 11 in Summonings
   276 | D        | Reached XP level 5. HP: 21/21 MP: 4/13
   276 | D        | Gained mutation: You are covered in thick fur. (AC +2)
                  | [Felid growth]
   276 | D        | Reached XP level 6. HP: 25/25 MP: 4/14
   292 | D        | Found an ornate altar of the Wu Jian Council.
   292 | D        | Found a shimmering blue altar of Sif Muna.
   294 | D        | Found a radiant altar of Vehumet.
   304 | D        | Reached skill level 1 in Fighting
   307 | D        | Found Biwudoim's Weapon Emporium.
   307 | D        | Found an ancient bone altar of Kikubaaqudgha.
   307 | D        | Found a hazy altar of Hepliaklqana.
   307 | D        | Found a stormy altar of Qazlal.
   307 | D        | Found a hide-covered altar of Uskayaw.
   307 | D        | Found a blossoming altar of Fedhas.
   307 | D        | Found a bloodstained altar of Trog.
   307 | D        | Found an iron altar of Okawaru.
   307 | D        | Found a basalt altar of Yredelemnul.
   307 | D        | Found a glowing golden altar of the Shining One.
   307 | D        | Found a snail-covered altar of Cheibriados.
   307 | D        | Found a sacrificial altar of Ru.
   307 | D        | Found a glowing silver altar of Zin.
   307 | D        | Found a shadowy altar of Dithmenos.
   307 | D        | Found a white marble altar of Elyvilon.
   307 | D        | Noticed a yak
   317 | D        | Killed a yak
   318 | D        | Reached skill level 1 in Unarmed Combat
   318 | D        | Reached skill level 12 in Summonings
   322 | D        | Found an opulent altar of Gozag.
   323 | D        | Found a sparkling altar of Nemelex Xobeh.
   328 | D        | Became a worshipper of Gozag Ym Sagoz the Greedy
   356 | D        | Learned a level 4 spell: Summon Lightning Spire
   439 | D        | Noticed Sonja
   453 | D        | Killed Sonja
   454 | D        | Reached skill level 1 in Hexes
   454 | D        | Reached skill level 14 in Summonings
   454 | D        | Reached XP level 7. HP: 29/29 MP: 5/19
   570 | D        | Found Woschem's General Store.
   932 | D        | Noticed a deep troll
   952 | D        | Killed a deep troll
   953 | D        | Reached skill level 1 in Air Magic
   953 | D        | Reached XP level 8. HP: 33/33 MP: 2/22
  1075 | D        | Found Cocoj's Armour Emporium.
  1128 | D        | Found a burning altar of Makhleb.
  1128 | D        | Found a viscous altar of Jiyva.
  1128 | D        | Found a shimmering altar of Xom.
  1128 | D        | Found a corrupted altar of Lugonu.
  1128 | D        | Noticed a slime creature
  1137 | D        | Killed a slime creature
  1138 | D        | Reached skill level 15 in Summonings
  1235 | D        | Noticed a kobold demonologist
  1235 | D        | Noticed a kobold demonologist
  1246 | D        | Noticed a smoke demon
  1253 | D        | Killed a kobold demonologist
  1254 | D        | Reached skill level 10 in Spellcasting
  1254 | D        | Reached XP level 9. HP: 36/36 MP: 12/24
  1254 | D        | Killed a kobold demonologist
  1255 | D        | Noticed a demonic crawler
  1256 | D        | Noticed a demonic crawler
  1258 | D        | Noticed a demonic crawler
  1258 | D        | Noticed a demonic crawler
  1279 | D        | Noticed a centaur warrior
  1280 | D        | Shot with an arrow by a centaur warrior
  1281 | D        | Reached XP level 8. HP: -4/33 MP: 5/23
  1295 | D        | Noticed a hornet
  1299 | D        | Noticed a gargoyle
  1310 | D        | Noticed a centaur warrior
  1314 | D        | Slain by a centaur warrior
  1315 | D        | Reached XP level 7. HP: -2/29 MP: 12/22
  1323 | D        | Noticed an oklob plant
  1330 | D        | Killed a gargoyle
  1330 | D        | Killed a hornet
  1331 | D        | Reached skill level 16 in Summonings
  1331 | D        | Reached XP level 8. HP: 20/33 MP: 13/24
  1333 | D        | Killed a centaur warrior
  1341 | D        | Killed by an exploding themself... ignited by their inner
                  | flame

Illustrated notes

Levels and vault maps discovered:
D:        dungeon_sprint_1 [red_sonja_temple_1, red_sonja_temple_small_1]

Skill      XL: |  1  2  3  4  5  6  7  8  9 |
---------------+----------------------------+-----
Dodging        | 3 4 5 6 |  6.1
Stealth        | 3 4 5 6 7 |  7.5
Summonings     | 6 8 11 14 16 15 | 16.5
Spellcasting   | 3 5 8 11 12 | 12.0
Fighting       | 1 2 |  2.0
Unarmed Combat | 1 2 |  2.5
Hexes          | 1 4 3 |  4.6
Air Magic      | 1 4 3 |  4.2

Action                   |  1- 3 |  4- 6 |  7- 9 || total
-------------------------+-------+-------+-------++-------
Melee: Unarmed           |     7 |       |     6 ||    13
       Bite              |     1 |       |       ||     1
       Punch             |       |       |     1 ||     1
 Cast: Summon Small Mamm |     4 |     6 |     4 ||    14
       Call Imp          |     1 |     1 |     4 ||     6
       Summon Guardian G |       |     3 |     8 ||    11
       Call Canine Famil |       |     3 |     5 ||     8
       Summon Lightning  |       |     1 |    13 ||    14
  Use: Potion            |     1 |       |     2 ||     3
 Stab: Distracted        |       |       |     1 ||     1
       Sleeping          |       |       |     1 ||     1
Armor: Skin              |     2 |       |       ||     2
Dodge: Dodged            |       |     1 |    15 ||    16

Table legend: (Time is in decaauts)
 A = Elapsed time spent in this place.
 B = Non-inter-level travel time spent in this place.
 C = Inter-level travel time spent in this place.
 D = Time resting spent in this place.
 E = Time spent auto-exploring this place.
 F = Levels seen in this place.
 G = Mean time per level.
                   A        B        C        D        E       F      G
               +--------+--------+--------+--------+--------+-----+--------+
         Total |   1297 |   1297 |      0 |    841 |      0 |   1 | 1297.0 |
       Dungeon |   1297 |   1297 |      0 |    841 |      0 |   1 | 1297.0 |
               +--------+--------+--------+--------+--------+-----+--------+

Top non-repeatable levels by time:
       D: 1297 daAuts
